AoeStats
← tuberculito

Pilgrims

508349262Analyzed
4v4 RM · 11d ago on Sep 22, 2026· 47m 56s· 8 players
Game mode
Random Map
Map size
Large (8 player)
Population
200
Speed
Normal
Resources
Standard
Victory
Conquest
Starting age
Dark Age
Ending age
Imperial Age
RankedLock teamsTeams togetherTeam positionsShared explorationLock speedFull tech treeHidden civsTurbo modeCheats
Victory
Defeat
🇨🇳 Bengalis · China
718
+16
🇧🇷 Spanish · Brazil
709
+16
🇬🇧 Cumans · United Kingdom
681
+17
🇺🇸 Malay · United States
655
+18
🇺🇸 Spanish · United States
766
-18
🇨🇱 Maya · Chile
703
-17
🇨🇱 Britons · Chile
695
-16
🇨🇱 Khmer · Chile
676
-16
CaptOblivious
7:16 Loom
10:59 Feudal Age
12:10 Gold Mining
12:40 Double-Bit Axe
18:02 Man-at-Arms
22:11 Wheelbarrow
22:17 Forging
24:54 Castle Age
25:15 Castle Age
23:26 Arson
26:40 Iron Casting
26:13 Fishing Lines
26:46 Medium Warships
26:29 Fletching
30:33 Bodkin Arrow
31:57 Padded Archer Armor
33:48 Ballistics
33:25 Murder Holes
33:41 Masonry
37:54 Thalassocracy
38:10 Scale Barding Armor
40:49 Pikeman
42:39 Squires
46:37 Imperial Age
45:16 Treadmill Crane
46:11 Capped Ram
46:11 Onager
49:14 Blast Furnace
Executioner's Bong
8:04 Loom
11:27 Feudal Age
12:40 Double-Bit Axe
14:44 Fishing Lines
17:59 Castle Age
16:21 Gold Mining
20:16 Bow Saw
20:00 Gillnets
21:04 Scale Barding Armor
22:36 Forging
23:28 Bloodlines
23:08 Horse Collar
24:13 Wheelbarrow
26:59 Hand Cart
27:02 Stone Mining
27:45 Steppe Husbandry
27:52 Fletching
29:15 Gold Shaft Mining
34:34 Thumb Ring
35:15 Town Watch
36:15 Ballistics
35:57 Bodkin Arrow
36:03 Padded Archer Armor
38:20 Leather Archer Armor
38:19 Capped Ram
43:35 Imperial Age
44:15 Heavy Cavalry Archer
44:26 Siege Ram
45:36 Parthian Tactics
46:05 Light Cavalry
47:18 Conscription
49:00 Chemistry
Lautenaius Maximus
11:42 Feudal Age
18:01 Double-Bit Axe
20:45 Castle Age
18:50 Stone Mining
22:37 Fishing Lines
24:20 Bow Saw
26:48 Fletching
27:19 Gold Mining
28:05 Stone Shaft Mining
29:21 Bodkin Arrow
29:51 Ballistics
33:03 Horse Collar
33:25 Gillnets
36:21 Redemption
41:30 Imperial Age
39:36 Wheelbarrow
39:39 Town Watch
39:21 Elite Skirmisher
44:03 Chemistry
42:59 Murder Holes
43:24 Bracer
43:25 Padded Archer Armor
45:13 Conscription
45:01 Inquisition
美少女王兔
3:49 Loom
12:40 Feudal Age
17:46 Castle Age
17:16 Double-Bit Axe
19:16 Gambesons
18:56 Pikeman
19:51 Scale Barding Armor
19:52 Scale Mail Armor
23:50 Bow Saw
23:23 Horse Collar
25:05 Bloodlines
24:57 Husbandry
39:36 Stone Mining
39:37 Gold Mining
41:09 Chain Barding Armor
41:03 Forging
42:58 Gold Shaft Mining
47:59 Paiks
Gatito_JOE
6:43 Loom
9:01 Loom
14:07 Feudal Age
18:25 Town Watch
19:17 Wheelbarrow
18:43 Fishing Lines
19:01 Gold Mining
21:27 Double-Bit Axe
22:31 Arson
25:13 Bloodlines
30:08 Castle Age
31:39 Medium Warships
31:21 Gillnets
34:15 Murder Holes
34:33 Clinker Construction
34:36 Masonry
41:35 Squires
42:43 Husbandry
42:53 Light Cavalry
Alfita EZ
7:00 Loom
11:01 Feudal Age
11:33 Double-Bit Axe
15:07 Fletching
19:10 Padded Archer Armor
27:14 Castle Age
26:50 Scale Mail Armor
27:50 Crossbowman
31:55 Bow Saw
34:12 Wheelbarrow
37:50 Pikeman
39:03 Squires
tuberculito
4:32 Loom
16:12 Feudal Age
19:28 Double-Bit Axe
20:05 Gold Mining
27:00 Castle Age
28:01 Elite Skirmisher
28:01 Crossbowman
31:52 Wheelbarrow
31:04 Town Watch
36:07 Imperial Age
36:08 Pikeman
36:48 Squires
38:56 Gold Shaft Mining
38:11 Stone Mining
45:25 Hand Cart
AlexMercier
14:58 Feudal Age
15:36 Double-Bit Axe
18:45 Castle Age
17:09 Gold Mining
17:18 Stone Mining
19:51 Horse Collar
20:55 Gold Shaft Mining
20:55 Bow Saw
24:34 Bloodlines
24:58 Husbandry
29:18 Scale Barding Armor
29:25 Forging
31:42 Stone Shaft Mining
33:51 Chain Barding Armor
35:52 Scale Mail Armor
36:31 Iron Casting
45:43 Caravan
49:08 Imperial Age
Connection lost

Rejoining the realm…

Still unreachable

The connection could not be restored.

Session expired

The server has moved on; the page needs a fresh start.